Map: Troizinia LE

Players

Stoosh

  • Race: Protoss Protoss
  • Spawn Location: 12:00

CajunHobbit

  • Race: Terran Terran
  • Spawn Location: 11:00

Spawnicus

  • Race: Terran Terran
  • League: Diamond
  • Spawn Location: 9:00

gamer

  • Race: Protoss Protoss
  • Spawn Location: 11:00

Asus

  • Race: Zerg Zerg
  • Spawn Location: 3:00

Infamous

  • Race: Protoss Protoss
  • League: Bronze
  • Spawn Location: 5:00

Babayaga

  • Race: Terran Terran
  • League: Bronze
  • Spawn Location: 6:00

zergling

  • Race: Zerg Zerg
  • Spawn Location: 5:00

VOD

Have the link to the VOD?

Description

Time

  • Played on: March 7, 2018, 3:03 p.m.
  • Length: 18:35
Show
View Real Time Build Order
Export as new Build Order

Stoosh Protoss 

Build Orders:  

Get SALT Encoding   

  12  0:02  Probe  
  13  0:14  Probe (Chrono Boost)  
  14  0:26  Probe (Chrono Boost), Assimilator  
  15  0:46  Pylon  
  15  1:02  Pylon  
  15  1:04  Probe (Chrono Boost)  
  15  1:06  Assimilator  
  16  1:17  Probe (Chrono Boost)  
  17  1:20  Gateway  
  17  1:23  Probe (Chrono Boost)  
  18  1:31  Probe  
  19  1:46  Pylon  
  19  1:49  Pylon  
  19  1:58  Pylon  
  19  2:23  Cybernetics Core  
  19  2:24  Forge  
  19  2:32  Probe (Chrono Boost)  
  20  2:42  Probe (Chrono Boost)  
  21  2:47  Probe (Chrono Boost)  
  22  2:59  Photon Cannon  
  22  3:01  Photon Cannon  
  22  3:07  Photon Cannon  
  22  3:10  Probe  
  23  3:14  Stargate  
  23  3:22  Probe  
  24  3:36  Nexus  
  24  3:46  Probe (Chrono Boost)  
  25  3:55  Assimilator  
  26  3:56  Probe (Chrono Boost)  
  26  3:58  Assimilator  
  26  4:01  Probe (Chrono Boost)  
  27  4:12  Void Ray  
  27  4:15  Probe (Chrono Boost)  
  32  4:28  Probe (Chrono Boost)  
  33  4:35  Probe (Chrono Boost)  
  33  4:36  Stargate  
  34  4:41  Photon Cannon  
  34  5:03  Void Ray (Chrono Boost)  
  39  5:14  Probe (Chrono Boost)  
  39  5:16  Probe (Chrono Boost)  
  39  5:19  Pylon  
  40  5:23  Probe (Chrono Boost)  
  40  5:26  Probe (Chrono Boost)  
  42  5:29  Probe  
  42  5:31  Void Ray  
  47  5:40  Probe  
  47  5:41  Probe  
  49  5:53  Probe x2 (Chrono Boost)  
  51  6:05  Probe (Chrono Boost)  
  51  6:10  Probe (Chrono Boost)  
  53  6:12  Void Ray  
  53  6:13  Probe (Chrono Boost)  
  53  6:17  Probe (Chrono Boost)  
  59  6:19  Probe  
  59  6:22  Pylon  
  59  6:24  Pylon  
  60  6:25  Pylon  
  60  6:31  Probe, Pylon  
  61  6:45  Fleet Beacon  
  61  6:46  Stargate  
  61  6:49  Stargate  
  61  6:55  Robotics Facility  
  61  7:07  Photon Cannon  
  61  7:16  Nexus  
  61  7:20  Assimilator  
  61  7:24  Assimilator  
  61  7:34  Carrier (Chrono Boost), Protoss Air Armor Level 1 (Chrono Boost)  
  67  7:44  Pylon  
  67  7:57  Carrier (Chrono Boost)  
  79  8:10  Tempest (Chrono Boost)  
  79  8:18  Probe (Chrono Boost)  
  80  8:23  Probe (Chrono Boost)  
  82  8:29  Probe (Chrono Boost)  
  82  8:31  Probe (Chrono Boost)  
  82  8:33  Probe (Chrono Boost)  
  84  8:37  Pylon  
  84  8:38  Probe (Chrono Boost)  
  84  8:41  Probe x2 (Chrono Boost)  
  87  8:45  Probe (Chrono Boost)  
  87  8:46  Probe (Chrono Boost)  
  87  8:47  Probe  
  90  8:56  Carrier (Chrono Boost)  
  90  8:57  Probe x2  
  90  9:00  Probe  
  99  9:09  Probe  
  100  9:21  Protoss Air Weapons Level 1  
  100  9:33  Carrier (Chrono Boost)  
  100  9:37  Carrier (Chrono Boost)  
  118  9:38  Graviton Catapult  
  118  9:41  Mothership  
  118  9:43  Carrier (Chrono Boost)  
  86  10:48  Carrier (Chrono Boost)  
  92  10:53  Carrier (Chrono Boost)  
  98  10:57  Stargate  
  98  11:00  Carrier (Chrono Boost), Observer, Stargate  
  111  11:11  Carrier (Chrono Boost)  
  111  11:21  Observer  
  112  11:58  Carrier x2  
  124  12:19  Carrier (Chrono Boost)  
  136  12:37  Carrier (Chrono Boost)  
  136  12:39  Pylon  
  136  12:40  Pylon  
  136  12:42  Pylon  
  136  12:43  Pylon  
  136  12:44  Pylon, Protoss Air Armor Level 2 (Chrono Boost)  
  136  12:46  Pylon  
  136  12:47  Pylon  
  136  12:49  Pylon  
  136  12:50  Pylon  
  136  12:51  Pylon  
  136  13:01  Void Ray (Chrono Boost)  
  136  13:04  Void Ray (Chrono Boost)  
  144  13:15  Nexus  
  144  13:18  Nexus  
  144  13:20  Assimilator  
  144  13:23  Assimilator  
  144  13:24  Assimilator  
  144  13:26  Assimilator  
  152  13:31  Void Ray x2 (Chrono Boost)  
  152  13:47  Void Ray (Chrono Boost)  
  156  13:58  Void Ray (Chrono Boost)  
  156  13:59  Observer  
  161  14:04  Void Ray (Chrono Boost)  
  161  14:05  Void Ray (Chrono Boost)  
  161  14:07  Void Ray (Chrono Boost)  
  161  14:09  Void Ray (Chrono Boost)  
  177  14:20  Observer  
  177  14:22  Void Ray (Chrono Boost)  
  182  14:47  Protoss Air Weapons Level 2 (Chrono Boost)  
  182  14:55  Void Ray (Chrono Boost)  
  198  15:02  Void Ray x2 (Chrono Boost)  
  198  15:05  Void Ray (Chrono Boost)  
  194  16:12  Void Ray  
Show
View Real Time Build Order
Export as new Build Order

CajunHobbit Terran 

Build Orders:  

Get SALT Encoding   

  12  0:01  SCV  
  13  0:13  SCV  
  14  0:25  SCV  
  15  0:29  Supply Depot  
  15  0:36  Supply Depot  
  15  0:51  SCV  
  15  0:52  Barracks  
  16  1:02  Refinery  
  16  1:03  SCV  
  17  1:07  Refinery  
  17  1:15  SCV  
  18  1:23  Engineering Bay  
  18  1:27  SCV  
  19  1:39  SCV  
  20  1:44  Marine  
  21  1:51  SCV  
  22  2:14  Command Center  
  22  2:17  SCV  
  23  2:26  Marine  
  23  2:29  SCV  
  25  2:38  Factory  
  25  2:41  SCV  
  26  2:54  SCV  
  26  2:55  Factory  
  26  2:57  Marine  
  28  3:13  Planetary Fortress  
  28  3:15  Marine  
  29  3:21  Building Armor  
  29  3:25  Factory Tech Lab  
  29  3:37  SCV  
  29  3:38  Refinery  
  29  3:39  Refinery  
  29  3:40  Factory Reactor  
  30  3:49  Supply Depot  
  30  3:57  Siege Tank  
  30  4:02  Marine  
  38  4:17  Widow Mine x2  
  38  4:20  Marine  
  39  4:26  SCV  
  39  4:29  SCV  
  45  4:38  SCV, Widow Mine x2  
  45  4:41  SCV  
  45  4:43  Siege Tank  
  50  5:00  Widow Mine x2  
  54  5:08  Hi-Sec Auto Tracking  
  54  5:20  Supply Depot  
  54  5:22  Supply Depot  
  54  5:41  SCV x2  
  54  5:42  Missile Turret x2  
  56  5:43  Supply Depot  
  56  5:47  Supply Depot  
  56  5:49  Missile Turret  
  56  5:53  SCV x2  
  58  6:03  Missile Turret  
  58  6:08  Missile Turret  
  58  6:13  Missile Turret  
  58  6:15  Missile Turret  
  58  6:18  Missile Turret  
  58  6:24  Missile Turret  
  58  6:40  Widow Mine x2  
  58  6:41  Missile Turret  
  58  6:45  Missile Turret  
  58  6:46  Planetary Fortress  
  62  7:03  Starport  
  62  7:05  Starport  
  62  7:12  Starport  
  62  7:19  Starport  
  62  7:21  SCV  
  63  7:25  SCV  
  64  7:33  SCV  
  65  7:37  SCV  
  66  7:45  SCV  
  66  7:49  SCV  
  68  7:57  SCV  
  69  8:01  SCV  
  70  8:07  Armory x2  
  70  8:09  SCV  
  70  8:12  Missile Turret  
  71  8:13  SCV  
  71  8:18  Starport Tech Lab  
  71  8:19  Starport Tech Lab  
  72  8:21  Starport Reactor x2  
  72  8:32  SCV  
  73  9:00  Terran Ship Weapons Level 1, Terran Vehicle Weapons Level 1  
  73  9:02  Drilling Claws  
  73  9:05  Missile Turret  
  73  9:06  Missile Turret, Cloaking Field  
  73  9:08  Banshee x2  
  79  9:10  Viking x2  
  79  9:11  Viking  
  85  9:23  Supply Depot  
  85  9:44  Viking  
  85  9:45  Supply Depot  
  87  9:47  Viking  
  87  9:51  Banshee, Viking  
  94  10:06  Banshee  
  97  10:09  Widow Mine x2  
  97  10:10  Supply Depot  
  101  10:21  Smart Servos  
  101  10:32  Widow Mine x3  
  107  10:36  Supply Depot  
  107  10:54  Widow Mine  
  93  13:01  Viking x4  
  93  13:02  Viking x2  
  105  13:20  Terran Ship Weapons Level 2, Terran Vehicle Weapons Level 2  
  105  13:21  Supply Depot x2  
  105  13:22  Supply Depot  
  105  13:26  Widow Mine  
  107  13:27  Widow Mine  
  107  13:31  Widow Mine, Viking x3  
  117  13:43  Viking x3  
  117  13:44  Supply Depot  
  117  13:46  Supply Depot  
  117  13:48  Supply Depot x2  
  123  13:52  Supply Depot  
  123  14:01  Viking x3  
  129  14:13  Widow Mine x3, Viking x3  
  141  14:31  Viking x3  
  143  14:34  Widow Mine x3  
  149  14:42  Viking x2  
  149  14:43  Viking  
  155  14:55  Widow Mine  
  155  14:56  Widow Mine x2  
  161  15:00  Supply Depot  
  161  15:01  Viking x3  
  161  15:02  Supply Depot  
  167  15:10  Supply Depot  
  167  15:12  Viking x3  
  173  15:31  Viking  
  175  15:48  Terran Ship Weapons Level 3, Terran Vehicle Weapons Level 3  
Show
View Real Time Build Order
Export as new Build Order

Spawnicus Terran 

Build Orders:  

Get SALT Encoding   

  12  0:01  SCV  
  13  0:15  SCV  
  14  0:23  Supply Depot  
  14  0:27  SCV  
  15  0:44  SCV  
  15  0:46  Barracks  
  16  0:57  Supply Depot  
  16  1:35  Barracks  
  16  1:37  Marine  
  16  1:39  Orbital Command  
  17  1:47  Command Center  
  17  1:54  Marine  
  18  2:01  Refinery  
  18  2:02  Refinery  
  18  2:04  SCV  
  19  2:24  Bunker  
  19  2:25  Marine x2  
  19  2:28  SCV  
  22  2:41  SCV  
  22  2:43  Marine x2  
  25  2:53  SCV  
  25  2:56  Supply Depot  
  26  3:00  Orbital Command  
  26  3:04  Bunker  
  26  3:07  SCV  
  26  3:11  Marine  
  28  3:13  Marine  
  28  3:19  SCV  
  30  3:27  Factory  
  30  3:31  SCV  
  30  3:32  SCV  
  32  3:41  Engineering Bay  
  32  3:44  SCV  
  32  3:45  SCV  
  34  3:54  Refinery  
  34  3:56  SCV, Refinery  
  35  4:12  SCV  
  35  4:13  SCV  
  35  4:15  Starport  
  37  4:20  Factory Tech Lab  
  37  4:21  Starport  
  37  4:24  SCV  
  37  4:25  SCV  
  37  4:29  Missile Turret  
  39  4:34  Missile Turret  
  39  4:36  SCV  
  39  4:37  SCV  
  41  4:48  SCV  
  41  4:49  SCV, Factory Tech Lab  
  43  4:58  Supply Depot  
  43  5:00  SCV  
  43  5:01  Raven  
  46  5:07  Corvid Reactor  
  46  5:09  SCV  
  47  5:17  Command Center  
  47  5:19  SCV  
  48  5:26  SCV  
  49  5:30  Supply Depot  
  49  5:31  Raven  
  49  5:34  SCV  
  52  5:41  Missile Turret  
  52  5:44  Missile Turret  
  52  5:48  SCV  
  52  5:49  Missile Turret  
  53  5:52  Missile Turret  
  53  5:53  Raven  
  53  5:55  SCV  
  56  6:04  Starport  
  56  6:07  SCV x2  
  58  6:13  Starport  
  58  6:19  SCV, Raven  
  58  6:22  Supply Depot  
  61  6:32  Factory Tech Lab  
  61  6:37  Refinery  
  61  6:38  Marine x2  
  63  6:41  Starport Tech Lab, Refinery  
  63  6:42  Raven  
  65  6:48  Orbital Command  
  65  6:50  SCV  
  65  6:51  SCV  
  67  7:05  Bunker  
  67  7:06  Marine x2, Bunker  
  67  7:07  Raven  
  67  7:08  Bunker, Raven  
  73  7:14  SCV  
  74  7:20  Starport Tech Lab  
  74  7:25  Starport, SCV  
  74  7:29  Supply Depot  
  75  7:30  Supply Depot, Raven  
  75  7:33  Marine x2  
  76  7:57  Raven x3  
  82  7:59  Marine x2  
  82  8:05  SCV  
  85  8:08  SCV  
  85  8:12  Starport Tech Lab  
  86  8:16  Raven  
  86  8:18  SCV  
  89  8:22  Marine x2  
  91  8:32  SCV x3  
  94  8:36  Supply Depot  
  94  8:37  Supply Depot  
  94  8:41  Supply Depot  
  94  8:45  Supply Depot  
  94  8:46  Supply Depot  
  94  8:49  Supply Depot  
  94  8:50  Raven x2  
  94  8:51  Raven  
  100  8:57  Raven  
  100  9:00  SCV x3  
  100  9:02  Marine  
  105  9:05  Marine  
  107  9:17  Raven  
  107  9:18  SCV x2  
  107  9:23  Starport  
  111  9:24  Starport  
  111  9:28  SCV  
  111  9:30  SCV  
  105  9:46  Command Center  
  71  10:08  Starport Tech Lab x2  
  71  10:16  Raven  
  71  10:17  Raven x2  
  77  10:26  Supply Depot  
  77  10:28  Raven  
  76  10:50  Raven  
  78  11:09  Barracks  
  78  11:12  Raven  
  80  11:42  Raven  
  78  12:17  Raven  
  78  12:18  Raven  
  78  12:20  SCV x3  
  81  12:41  SCV  
  81  12:42  SCV  
  83  12:49  Orbital Command  
  83  12:51  Raven x2  
  83  12:52  Refinery x2  
  71  13:29  SCV x2  
  71  13:30  Bunker  
  71  13:31  SCV  
  74  13:38  Raven x3  
  80  13:41  SCV  
  80  13:42  SCV  
  80  13:43  SCV  
  83  13:53  SCV  
  83  13:54  SCV  
  85  14:02  Supply Depot  
  85  14:03  Command Center  
  85  14:06  Marine, SCV  
  74  14:18  SCV  
  74  14:21  SCV  
  74  14:22  Raven x2  
  74  14:24  Marine  
  80  14:26  SCV  
  80  14:30  SCV  
  83  14:33  SCV  
  83  14:38  SCV  
  85  14:40  Raven  
  85  14:41  Marine  
  85  14:42  SCV  
  85  14:45  SCV  
  90  14:50  SCV  
  91  14:54  SCV  
  91  14:57  SCV  
  91  14:59  Marine  
  94  15:02  SCV  
  94  15:06  SCV  
  96  15:07  Bunker  
  96  15:09  SCV  
  96  15:12  Supply Depot x2  
  96  15:13  Supply Depot  
  97  15:14  SCV  
  97  15:15  Supply Depot  
  97  15:17  Marine  
  97  15:18  Raven x2  
  103  15:35  Marine  
  104  16:04  Refinery  
  70  16:37  Raven x4  
  74  16:53  SCV  
  74  16:54  SCV x3  
  77  16:57  Raven x2  
  82  17:05  SCV  
  82  17:06  Marine  
  84  17:16  Orbital Command  
  84  17:19  Bunker, Refinery  
  84  17:24  Marine  
  84  17:26  Raven x3  
  84  17:27  Raven  
  93  17:41  Marine  
  94  17:44  Supply Depot  
  94  17:45  Supply Depot  
  94  17:46  Supply Depot x2  
  94  17:59  Marine  
Show
View Real Time Build Order
Export as new Build Order

gamer Protoss 

Build Orders:  

Get SALT Encoding   

  12  0:22  Pylon  
  12  0:26  Probe  
  13  0:38  Probe  
  14  0:47  Forge  
  14  0:52  Pylon  
  14  1:33  Gateway  
  14  1:36  Gateway  
  14  1:43  Probe, Photon Cannon  
  15  1:55  Probe  
  15  1:57  Photon Cannon  
  16  2:03  Gateway  
  16  2:09  Assimilator  
  16  2:13  Probe  
  16  2:14  Assimilator  
  17  2:22  Zealot (Chrono Boost)  
  19  2:24  Zealot (Chrono Boost)  
  19  2:25  Probe  
  22  2:55  Cybernetics Core  
  22  2:58  Photon Cannon  
  22  3:09  Zealot x3  
  28  3:39  Twilight Council  
  28  3:46  Warp Gate  
  28  3:53  Zealot  
  30  4:13  Pylon  
  30  4:15  Charge (Chrono Boost)  
  30  4:17  Pylon  
  30  4:27  Pylon  
  30  4:31  Zealot x2  
  34  4:48  Robotics Facility  
  34  4:49  Protoss Ground Weapons Level 1  
  34  5:24  Nexus  
  34  5:45  Pylon  
  34  5:53  Observer  
  35  5:59  Blink  
  35  6:12  Photon Cannon  
  35  6:16  Photon Cannon  
  35  6:32  Shield Battery  
  35  6:37  Probe  
  36  6:49  Probe  
  36  6:50  Stalker  
  39  7:01  Probe  
  39  7:03  Stalker  
  39  7:07  Stalker  
  44  7:13  Probe  
  45  7:29  Observer  
  46  7:41  Stargate  
  46  7:45  Stargate  
  46  8:04  Stalker  
  48  8:06  Stalker  
  48  8:08  Zealot  
  52  8:21  Probe  
  52  8:27  Phoenix  
  55  8:30  Phoenix  
  55  8:33  Probe  
  55  8:34  Protoss Ground Weapons Level 2 (Chrono Boost)  
  58  8:45  Probe  
  59  8:53  Assimilator  
  59  8:57  Probe, Assimilator  
  60  9:09  Probe  
  61  9:13  Phoenix  
  61  9:15  Phoenix  
  65  9:21  Probe  
  66  9:33  Probe  
  68  9:45  Probe  
  68  9:57  Probe  
  45  10:30  Phoenix x2  
  48  10:55  Phoenix x2  
  43  11:15  Stalker  
  43  11:16  Stalker  
  43  11:18  Stalker  
  43  11:20  Phoenix x2  
  23  11:44  Stalker x2  
  23  11:45  Stalker  
  20  12:03  Immortal  
  21  12:22  Zealot  
  23  12:24  Zealot  
  25  13:12  Pylon  
  25  13:23  Pylon  
  25  13:28  Phoenix  
  25  13:30  Immortal  
  25  13:31  Zealot  
  25  13:49  Zealot  
  21  14:22  Zealot  
  23  14:49  Immortal  
  27  14:54  Zealot  
  27  14:56  Zealot  
  27  14:57  Zealot  
Show
View Real Time Build Order
Export as new Build Order

Asus Zerg 

Build Orders: Pool First 

Get SALT Encoding   

  12  0:06  Drone  
  13  0:09  Drone  
  14  0:24  Overlord  
  14  0:26  Overlord  
  15  0:57  Drone x3  
  15  1:03  Spawning Pool  
  16  1:08  Extractor  
  15  1:38  Drone  
  15  1:39  Drone x2  
  18  2:10  Drone  
  19  2:35  Queen  
  21  2:39  Metabolic Boost  
  21  2:42  Hatchery  
  20  2:57  Baneling Nest  
  19  3:02  Drone x3  
  22  3:22  Spore Crawler  
  21  3:29  Zergling x2  
  21  3:31  Zergling x2  
  23  3:40  Zergling x2  
  24  4:04  Hatchery  
  23  4:14  Hatchery  
  23  4:15  Drone x2  
  24  4:18  Queen  
  26  5:05  Evolution Chamber  
  25  5:07  Zergling x6  
  25  5:08  Zergling x6  
  25  5:13  Queen  
  33  5:20  Drone x3  
  36  5:27  Baneling  
  36  5:30  Baneling x3  
  36  5:44  Queen  
  38  6:01  Zergling x4  
  38  6:02  Zergling x12  
  38  6:03  Zergling x4  
  48  6:10  Overlord x3  
  48  6:27  Lair  
  48  6:46  Baneling x7  
  48  6:47  Baneling x5  
  48  6:48  Baneling x2  
  48  6:54  Drone x3  
  51  7:31  Drone  
  51  7:32  Drone x4  
  46  8:15  Drone x4  
  46  8:16  Drone x2  
  46  8:19  Centrifical Hooks  
  52  8:34  Hydralisk Den  
  52  8:39  Zergling x8  
  52  8:40  Zergling x2  
  52  8:41  Zergling x12  
  57  8:42  Zergling x20  
  57  8:48  Overlord x5  
  72  9:12  Hatchery  
  71  9:33  Pneumatized Carapace  
  43  10:25  Hydralisk x3  
  43  10:26  Hydralisk x3  
  54  10:34  Extractor  
  54  10:35  Extractor  
  52  10:46  Zergling x10  
  52  10:47  Zergling x6  
  52  10:48  Zergling x16  
  52  10:49  Zergling x6  
  71  10:59  Baneling  
  71  11:00  Baneling  
  71  11:14  Zergling x2  
  71  11:15  Zergling x12  
  78  11:43  Baneling x4  
  78  12:06  Baneling x4  
  78  12:07  Baneling  
  76  12:44  Zergling x2  
  76  12:45  Zergling x14  
  76  12:46  Zergling x6  
  76  12:51  Baneling x7  
  86  12:52  Baneling x5  
  85  13:00  Drone x3  
  85  13:05  Baneling x3  
  88  13:06  Baneling  
  71  13:35  Baneling x4  
  71  13:36  Baneling x4  
  56  14:35  Zergling x6  
  56  14:36  Zergling x12  
  56  14:37  Zergling x10  
  68  15:11  Zergling x2  
  68  15:12  Zergling x22  
  68  15:13  Zergling x6  
  17  16:34  Hydralisk x3  
  17  16:35  Hydralisk x6  
  12  17:43  Spawning Pool  
  11  17:56  Drone  
  11  17:57  Drone x2  
Show
View Real Time Build Order
Export as new Build Order

Infamous Protoss 

Build Orders:  

Get SALT Encoding   

  12  0:02  Probe (Chrono Boost)  
  14  0:15  Probe (Chrono Boost)  
  14  0:19  Pylon  
  14  0:21  Probe (Chrono Boost)  
  15  0:37  Probe  
  15  0:42  Gateway  
  16  0:44  Assimilator  
  16  1:04  Probe (Chrono Boost)  
  17  1:15  Assimilator  
  17  1:16  Probe (Chrono Boost)  
  18  1:24  Pylon  
  18  1:30  Cybernetics Core  
  18  1:37  Probe  
  19  1:51  Probe  
  20  2:00  Warp Gate (Chrono Boost)  
  20  2:07  Pylon  
  20  2:15  Nexus  
  20  2:21  Pylon  
  20  2:23  Probe  
  21  2:41  Probe  
  22  2:49  Gateway  
  22  2:57  Zealot  
  24  3:02  Robotics Facility  
  24  3:07  Probe  
  25  3:19  Gateway  
  25  3:27  Probe  
  26  3:41  Probe (Chrono Boost)  
  27  3:45  Pylon  
  27  3:47  Pylon  
  27  3:50  Assimilator  
  27  3:52  Probe (Chrono Boost)  
  27  3:53  Observer  
  29  4:02  Pylon  
  29  4:08  Pylon  
  29  4:15  Probe (Chrono Boost)  
  31  4:24  Assimilator  
  31  4:27  Probe x2 (Chrono Boost)  
  31  4:30  Gateway  
  32  4:32  Probe (Chrono Boost)  
  32  4:34  Stalker  
  35  4:42  Probe (Chrono Boost)  
  36  4:52  Forge  
  36  5:06  Probe x2  
  38  5:10  Stalker x2  
  38  5:11  Stalker  
  44  5:27  Probe  
  45  5:35  Stargate  
  45  5:38  Protoss Air Weapons Level 1 (Chrono Boost)  
  45  5:39  Probe, Stargate  
  45  5:40  Protoss Ground Weapons Level 1 (Chrono Boost)  
  45  5:42  Stargate  
  46  5:51  Sentry x3  
  46  5:52  Sentry  
  54  5:58  Probe  
  54  6:18  Sentry x4  
  60  6:22  Immortal (Chrono Boost)  
  66  6:37  Twilight Council  
  66  6:38  Probe (Chrono Boost)  
  67  6:40  Probe (Chrono Boost)  
  68  6:52  Probe (Chrono Boost)  
  70  6:58  Probe (Chrono Boost)  
  70  7:00  Void Ray  
  74  7:12  Zealot x4  
  82  7:18  Probe x2  
  84  7:29  Void Ray  
  88  7:36  Void Ray  
  92  7:48  Stalker  
  94  8:09  Protoss Ground Armor Level 1 (Chrono Boost)  
  94  8:11  Pylon x2  
  94  8:14  Protoss Air Armor Level 1 (Chrono Boost)  
  94  8:17  Pylon x2  
  94  8:29  Void Ray x2  
  94  8:33  Stalker  
  104  8:34  Stalker x3  
  104  8:39  Void Ray  
  114  9:07  Templar Archives  
  114  9:18  Void Ray  
  114  9:21  Stalker x2  
  122  9:49  Gateway  
  122  9:51  Gateway  
  122  9:59  Void Ray  
  126  10:04  Protoss Ground Weapons Level 2  
  124  10:29  Void Ray  
  120  10:45  Stalker x3  
  126  11:28  Nexus  
  126  11:31  Assimilator  
  126  11:34  Assimilator, Void Ray  
  126  11:36  Pylon  
  126  11:38  Void Ray  
  126  11:39  Pylon, Void Ray  
  126  11:41  Pylon  
  84  12:04  Stalker x2  
  84  12:05  Stalker x4  
  82  12:17  Void Ray  
  82  12:21  Void Ray  
  82  12:22  Observer  
  85  12:28  Stalker  
  85  12:30  Stalker x2  
  85  12:31  Stalker x3  
  87  12:40  Void Ray  
  87  12:48  Probe  
  80  13:00  Probe x3  
  83  13:12  Probe x3  
  86  13:14  Gateway  
  86  13:20  Sentry x2  
  86  13:21  Sentry x3  
  86  13:24  Probe x2  
  98  13:36  High Templar  
  100  13:43  Probe  
  101  13:50  Gateway  
  101  13:52  Gateway  
  101  13:59  Shield Battery  
  101  14:00  Probe x2  
  103  14:05  High Templar x3  
  103  14:09  Archon x2  
  109  14:28  Probe x2  
  109  14:29  Probe  
  112  14:35  High Templar x3  
  118  14:40  Archon  
  118  14:54  Probe, Protoss Ground Armor Level 2 (Chrono Boost)  
  119  15:06  Forge  
  119  15:18  Cybernetics Core  
  119  15:20  Observer  
  120  15:29  Void Ray x2  
  120  15:30  Void Ray  
  132  15:41  Observer  
  129  15:59  Stalker  
  129  16:00  Stalker x3  
  137  16:11  Void Ray  
  137  16:13  Observer  
  104  16:31  Stalker x2  
  104  16:32  Stalker x2  
  73  16:42  Photon Cannon  
  73  16:44  Photon Cannon  
  55  16:50  Stalker x3  
  55  16:51  Stalker  
  55  16:52  Zealot  
  45  17:23  Void Ray  
  45  17:29  Observer  
  50  17:45  Stalker  
  52  17:54  Zealot x2  
  52  17:55  Zealot x3  
Show
View Real Time Build Order
Export as new Build Order

Babayaga Terran 

Build Orders:  

Get SALT Encoding   

  12  0:03  SCV  
  13  0:26  SCV  
  14  0:38  Supply Depot, SCV  
  15  0:43  Refinery  
  15  0:49  Refinery  
  15  1:08  SCV, Engineering Bay  
  16  1:20  SCV  
  17  1:32  SCV  
  18  1:36  Engineering Bay  
  18  1:44  SCV  
  18  1:45  Supply Depot  
  19  1:56  SCV  
  20  2:08  SCV  
  21  2:16  Barracks  
  21  2:20  SCV  
  22  2:24  Barracks  
  22  2:32  SCV  
  23  2:42  Terran Infantry Weapons Level 1  
  23  2:44  SCV  
  23  2:45  Terran Infantry Armor Level 1  
  24  2:56  SCV  
  25  3:04  Supply Depot  
  25  3:06  Barracks Tech Lab  
  25  3:09  SCV  
  25  3:11  Barracks Reactor  
  26  3:20  Barracks  
  26  3:24  SCV  
  27  3:30  Marine  
  28  3:36  Supply Depot, SCV  
  29  3:48  SCV  
  29  3:53  Marine  
  29  3:54  Marine  
  32  4:01  SCV  
  32  4:02  Marine  
  34  4:11  Marine x2  
  34  4:12  Barracks Reactor  
  34  4:13  SCV  
  37  4:17  Supply Depot  
  37  4:19  Marine  
  38  4:28  Combat Shields  
  38  4:29  Marine x2  
  40  4:37  Marine  
  40  4:38  Orbital Command  
  41  4:46  Supply Depot  
  41  4:47  Marine x2  
  41  4:49  Marine  
  41  4:52  Marine  
  45  4:55  Marine  
  46  5:05  Marine x2  
  48  5:07  Marine  
  48  5:09  Marine  
  48  5:13  Marine  
  51  5:22  Marine  
  51  5:23  Marine  
  51  5:25  Marine  
  51  5:27  Marine  
  55  5:31  Marine  
  56  5:40  Marine  
  57  5:45  Supply Depot  
  57  5:51  Marine x4  
  61  5:58  Marine  
  62  6:08  Marine  
  62  6:09  Marine x3  
  66  6:16  Marine  
  67  6:26  Marine x2  
  67  6:27  Marine x2  
  71  6:38  Supply Depot  
  71  6:49  Marine  
  71  6:50  Marine x4  
  76  7:07  Marine x5  
  81  7:14  Supply Depot  
  81  7:25  Marine x5  
  86  7:43  Marine x5  
  91  7:45  Supply Depot  
  91  8:01  Marine x5  
  96  8:08  Supply Depot  
  96  8:19  Marine x5  
  101  8:36  Supply Depot, Marine x5  
  106  8:54  Marine x5  
  111  9:06  Supply Depot  
  111  9:12  Marine x3  
  50  10:00  Marine x5  
  53  10:18  Marine  
  54  10:24  Command Center  
  54  10:49  Factory  
  54  11:35  Factory Tech Lab  
  54  11:41  Starport  
  54  11:43  SCV  
  55  11:49  SCV  
  56  11:55  SCV  
  56  11:56  Command Center  
  57  12:02  Refinery  
  57  12:06  Refinery  
  57  12:07  SCV  
  58  12:19  SCV  
  59  12:45  Starport Tech Lab  
  59  12:46  Fusion Core  
  59  13:11  Orbital Command  
  59  13:37  Starport, SCV  
  60  13:42  Refinery  
  60  13:49  SCV  
  60  13:54  Refinery  
  61  14:00  Weapon Refit  
  61  14:01  SCV  
  62  14:13  SCV  
  63  14:25  SCV, Armory  
  64  14:40  Starport Tech Lab  
  64  14:45  Starport  
  64  15:00  Orbital Command  
  64  15:13  Armory  
  64  15:22  Starport  
  64  15:29  Starport Tech Lab  
  44  15:50  Marine x2  
  44  15:51  Marine x3  
  49  15:59  Starport Tech Lab  
  49  16:00  Starport, Armory  
  49  16:08  Marine x3  
  49  16:09  Marine x2  
  54  16:11  Terran Infantry Armor Level 2, Terran Infantry Weapons Level 2  
  54  16:26  Marine x5  
  59  16:37  Starport Tech Lab  
  59  16:44  Marine x5  
  64  17:02  Marine  
  65  17:20  Medivac x3  
  65  17:21  Medivac x2  
  75  17:26  Marine x5  
  80  17:44  Marine x5  
  95  17:55  Missile Turret  
  94  18:01  Marine  
  94  18:02  Marine x2  
Show
View Real Time Build Order
Export as new Build Order

zergling Zerg 

Build Orders: Hatch First 

Get SALT Encoding   

  12  0:14  Drone x2  
  14  0:21  Overlord  
  14  0:48  Hatchery  
  14  0:50  Drone x2  
  15  1:04  Drone x2  
  17  1:25  Spawning Pool  
  16  1:27  Drone x2  
  18  1:34  Drone  
  19  1:42  Extractor  
  19  1:46  Extractor  
  17  1:47  Drone  
  18  1:54  Hatchery  
  18  1:56  Drone  
  18  2:11  Drone  
  19  2:19  Drone  
  19  2:22  Drone x2  
  22  2:28  Drone  
  23  2:34  Overlord x2  
  23  2:38  Drone  
  24  2:56  Hatchery  
  23  3:03  Drone x2  
  25  3:07  Drone x2  
  25  3:12  Overlord  
  27  3:25  Roach Warren  
  26  3:31  Lair  
  26  3:39  Drone x3  
  29  3:53  Drone  
  29  3:54  Drone x2  
  32  4:07  Drone x2  
  34  4:16  Extractor  
  33  4:19  Extractor  
  32  4:25  Hatchery  
  31  4:31  Drone x3  
  31  4:32  Drone x6  
  40  4:52  Drone x3  
  43  5:09  Drone x3  
  46  5:15  Roach x5  
  46  5:16  Roach  
  58  5:38  Roach x3  
  58  5:39  Roach x3  
  70  5:50  Spire  
  70  5:57  Nydus Network  
  68  6:05  Roach  
  68  6:08  Overlord x4  
  68  6:09  Overlord x3  
  68  6:10  Overlord  
  70  6:38  Roach x8  
  70  6:39  Roach x3  
  92  6:53  Hydralisk Den  
  91  6:58  Roach x2  
  91  6:59  Roach  
  97  7:20  Corruptor x5  
  97  7:21  Corruptor x2  
  111  7:33  Zerg Flyer Armor Level 1  
  111  7:40  Corruptor  
  111  7:41  Corruptor  
  111  7:43  Corruptor  
  117  8:16  Hatchery  
  116  8:21  Hydralisk x3  
  116  8:22  Hydralisk x5  
  132  8:27  Hydralisk  
  132  8:32  Overlord x2  
  134  9:27  Zerg Flyer Weapons Level 1  
  98  11:19  Drone x2  
  98  11:20  Drone x8  
  98  11:21  Drone x2  
  66  11:58  Extractor  
  55  12:03  Extractor  
  55  12:04  Drone x3  
  57  12:17  Hydralisk x5  
  57  12:18  Hydralisk x7  
  81  12:40  Roach x3  
  85  12:48  Roach x5  
  85  12:49  Roach x3  
  101  13:29  Corruptor x4  
  101  13:30  Corruptor x4  
  117  13:44  Corruptor x3  
  123  14:01  Roach x4  
  131  14:03  Zergling x2  
  131  14:04  Overlord x5  
  131  14:05  Overlord  
  131  14:06  Overlord  
  132  14:49  Corruptor x2  
  132  14:50  Corruptor x5  
  132  14:51  Corruptor x5  
  156  15:29  Corruptor x5  
  156  15:30  Corruptor x7  
  73  17:38  Hydralisk x3  
  73  17:39  Hydralisk x8  
  73  17:40  Hydralisk  
Tags
 
Add a new tag
Caveats
  • Supply blocks, unpowered buildings, or Contaminate may cause inaccurate times.
  • Supply counts are checked every 10 seconds.